 Dungeon Crawl Stone Soup version 0.31-a0-1118-gbca3d03946 (webtiles) character file.

Game seed: 11386096930119382699

3301 gruber the Markskobold (level 10, -4/54 HPs)
             Began as a Kobold Hunter on Dec 4, 2023.
             Was a Follower of Hepliaklqana.
             Slain by a wight
             ... wielding a +3 dagger
              (10 damage)
             ... on level 8 of the Dungeon.
             The game lasted 00:07:42 (8625 turns).

gruber the Markskobold (Kobold Hunter)              Turns: 8625, Time: 00:07:44

Health: -4/54      AC:  3    Str:  9    XL:     10   Next: 20%
Magic:  10/10      EV: 19    Int: 11    God:    Hepliaklqana [*.....]
Gold:   484        SH:  0    Dex: 22    Spells: 9/9 levels left

rFire   + . .        v - +0 orcbow
rCold   . . .        (shield currently unavailable)
rNeg    . . .        c - +0 leather armour
rPois   .            (no helmet)
rElec   .            (no cloak)
rCorr   .            (no gloves)
SInv    .            (no boots)
Will    .....        (no amulet)
Stlth   +++          t - ring of protection from fire
HPRegen 0.29/turn    (no ring)
MPRegen 0.12/turn

%: no passive effects
@: lethally poisoned (-4 -> -10)
A: reduced essence, small, no large weapons, nightstalker 3, subdued magic 1
a: Renounce Religion, Recall Ancestor, Ancestor Identity


You were on level 8 of the Dungeon.
You worshipped Hepliaklqana.
Hepliaklqana was aware of your devotion.
You visited 2 branches of the dungeon, and saw 9 of its levels.

You collected 484 gold pieces.

Inventory:

Hand Weapons
 v - a +0 orcbow (weapon)
Missiles
 s - a throwing net
Armour
 c - a +0 leather armour (worn)
Jewellery
 t - a ring of protection from fire (left hand)
Wands
 r - a wand of mindburst (2)
 w - a wand of polymorph (8)
Scrolls
 b - a scroll of butterflies
 d - 7 scrolls of noise {unknown}
 f - 3 scrolls of immolation {unknown}
 h - 7 scrolls of identify {unknown}
 j - 2 scrolls of fog {unknown}
 n - a scroll of teleportation {unknown}
 p - 2 scrolls of vulnerability {unknown}
 u - a scroll of revelation {unknown}
 x - a scroll of enchant weapon {unknown}
Potions
 a - a potion of berserk rage {unknown}
 e - a potion of haste {unknown}
 g - 2 potions of lignification {unknown}
 i - a potion of enlightenment {unknown}
 k - 2 potions of curing
 m - 2 potions of magic {unknown}
 o - 2 potions of heal wounds {unknown}
 q - 2 potions of brilliance {unknown}


   Skills:
 * Level 6.9 Fighting
 - Level 15.0 Ranged Weapons
 - Level 7.2 Dodging
 - Level 1.3 Stealth


You had 9 spell levels left.
You didn't know any spells.
Your spell library contained the following spells:

 Spells                   Type           Power      Damage    Failure   Level
 Ozocubu's Armour         Ice            0%         N/A       80%         3
 Summon Guardian Golem    Hex/Summ       0%         N/A       80%         3
 Metabolic Englaciation   Hex/Ice        0%         N/A       100%        5
 Simulacrum               Ice/Necr       0%         N/A       100%        6
 Orb of Destruction       Conj           0%         9d5       100%        7
 Spellforged Servitor     Conj/Summ      0%         N/A       100%        7


Dungeon Overview and Level Annotations

Branches:
Dungeon (8/15)             Temple (1/1) D:6
   Lair: D:8-11

Altars:
Ashenzari
Cheibriados
Dithmenos
Elyvilon
Fedhas
Gozag
Hepliaklqana
Kikubaaqudgha
Makhleb
Nemelex Xobeh
Okawaru
Qazlal
Ru
Sif Muna
Trog
Uskayaw
Vehumet
Wu Jian
Xom
Yredelemnul
Zin
The Shining One

Annotations:
D:5 2 transporters
D:6 3 runed translucent doors, Jeremiah
D:7 2 transporters, 1 runed translucent door
D:8 Erica


Innate Abilities, Weirdness & Mutations

Your life essence is reduced to manifest your ancestor. (-10% HP)
You are small and have problems with some larger weapons.
You are completely attuned to the shadows.
Your spells are a little easier to cast, but a little less powerful.


Message History

The howler monkey hits you.
* * * LOW HITPOINT WARNING * * *
Erica stares at you and mumbles some strange words.
Lucia seems to slow down.
Unknown command.
Unknown command.
Fire: v) +0 orcbow
Press: ? - help, Q - select action, (/) - cycle Shift-Dir - straight line, f/p - Erica
Aim: Erica, wielding a +4 scimitar of flaming and wearing an amulet of guardian spirit (ally target, 65% to hit)
You shoot an arrow. The arrow hits the wight.
The wight is almost destroyed.
You feel sick. The howler monkey closely misses you.
The howler monkey hits you but does no damage.
Erica barely misses Lucia.
Unknown command.
Unknown command.
Fire: v) +0 orcbow
Press: ? - help, Q - select action, (/) - cycle Shift-Dir - straight line, f/p - Erica
Aim: Erica, wielding a +4 scimitar of flaming and wearing an amulet of guardian spirit (ally target, 65% to hit)
You shoot an arrow. The arrow closely misses the wight.
Lucia avoids your attack.
The arrow hits Erica!
Erica is moderately wounded.
You feel very sick.
The howler monkey hoots and howls with incredible vigour!
The wight hits you with a +3 dagger.
* * * LOW HITPOINT WARNING * * *
The howler monkey misses you.
Lucia barely misses Erica.
Erica casts a spell at you.
Lucia resists with significant effort.
The howler monkey misses you.
You hear an angry hiss.
Unknown command.
It was a potion of mutation.
You feel extremely strange.
Your connection to magic feels subdued.
Your thoughts seem clearer.
Your thinking seems confused.
* * * LOW HITPOINT WARNING * * *
You feel sick. The howler monkey closely misses you.
The wight hits you with a +3 dagger!
You die...

#..............
...#............
#..#...........#
#####.........##
#.x.......#
##R.#.....#
#...#.....#
#zh###....# #@##
#....# #.h##
##...# #...
#...## #..#
##...# ...
#...## ##.....
##......
##...###. ###
#...##


You could see the friendly Lucia the ancestor (slow), Erica (ally target), 2
howler monkeys and a wight.

Vanquished Creatures
  Sigmund (D:2)
  3 water moccasins
  Duvessa (D:6)
  2 orc warriors
  A black bear (D:4)
  2 ice beasts (D:6)
  A sky beast (D:7)
  2 ogres
  A phantom (D:6)
  4 bullfrogs
  4 scorpions
  Dowan (D:6)
  4 killer bees (D:7)
  4 howler monkeys
  10 hounds
  2 orc priests
  A gnoll bouda (D:6)
  A sleepcap (D:7)
  Ijyb (D:5)
  4 iguanas
  2 orc wizards
  9 gnolls
  7 adders
  A white imp (D:7)
  A worm (D:2)
  13 orcs
  6 endoplasms
  4 giant cockroaches
  7 hobgoblins
  A kobold (D:4)
  6 quokkas
  8 ball pythons
  4 bats
  4 frilled lizards
  4 goblins
  3 rats
130 creatures vanquished.

Vanquished Creatures (collateral kills)
  2 bullfrogs (D:8)
  A killer bee (D:7)
  A howler monkey (D:8)
  An orc wizard (D:8)
5 creatures vanquished.

Vanquished Creatures (others)
  2 ancestors
2 creatures vanquished.

Grand Total: 137 creatures vanquished

Notes
Turn   | Place    | Note
-------+----------+-------------------------------------------
     0 | D:1      | gruber the Kobold Hunter began the quest for the Orb.
     0 | D:1      | Reached XP level 1. HP: 12/12 MP: 1/1
   310 | D:1      | Reached XP level 2. HP: 17/17 MP: 2/2
   501 | D:1      | Reached skill level 6 in Ranged Weapons
   857 | D:2      | Reached XP level 3. HP: 21/21 MP: 3/3
   898 | D:2      | Found a faded altar of an unknown god.
  1302 | D:2      | Reached skill level 7 in Ranged Weapons
  1302 | D:2      | Reached XP level 4. HP: 19/26 MP: 4/4
  1642 | D:2      | Noticed Sigmund
  1665 | D:2      | Killed Sigmund
  1666 | D:2      | Reached skill level 9 in Ranged Weapons
  1666 | D:2      | Reached XP level 5. HP: 6/30 MP: 5/5
  1666 | D:2      | Reached XP level 6. HP: 7/35 MP: 6/6
  2165 | D:3      | Reached skill level 10 in Ranged Weapons
  2806 | D:4      | Noticed a black bear
  2811 | D:4      | Killed a black bear
  2812 | D:4      | Reached XP level 7. HP: 40/40 MP: 7/7
  3006 | D:4      | Found a glowing silver altar of Zin.
  3010 | D:4      | Found a blossoming altar of Fedhas.
  3036 | D:4      | Reached skill level 11 in Ranged Weapons
  3860 | D:4      | Reached XP level 8. HP: 44/44 MP: 8/8
  4028 | D:4      | Reached skill level 5 in Dodging
  4114 | D:5      | Entered Level 5 of the Dungeon
  4544 | D:5      | Noticed Ijyb
  4560 | D:5      | Killed Ijyb
  4689 | D:5      | Found a transporter.
  4855 | D:5      | Found a transporter.
  5312 | D:6      | HP: 2/44 [poisoned by a water moccasin]
  5516 | D:6      | Noticed Jeremiah
  5553 | D:6      | Reached skill level 12 in Ranged Weapons
  5656 | D:6      | Found a staircase to the Ecumenical Temple.
  5662 | Temple   | Entered the Ecumenical Temple
  5678 | Temple   | Became a worshipper of Hepliaklqana the Forgotten
  5715 | D:6      | Reached XP level 9. HP: 34/48 MP: 9/9
  5962 | D:6      | Reached skill level 13 in Ranged Weapons
  6140 | D:6      | Noticed Duvessa
  6156 | D:6      | Killed Duvessa
  6278 | D:6      | Found a runed translucent gate.
  6278 | D:6      | Found a runed translucent gate.
  6279 | D:6      | Found a runed translucent gate.
  6295 | D:6      | Reached skill level 14 in Ranged Weapons
  6349 | D:6      | Noticed Dowan
  6364 | D:6      | Killed Dowan
  6810 | D:7      | Found a transporter.
  6843 | D:7      | Found a transporter.
  6877 | D:7      | Found a runed translucent door.
  6879 | D:7      | Found a basalt altar of Yredelemnul.
  7205 | D:7      | Reached skill level 15 in Ranged Weapons
  7447 | D:7      | Reached * piety under Hepliaklqana
  7905 | D:7      | Reached XP level 10. HP: 27/52 MP: 10/10
  7910 | D:7      | Reached skill level 5 in Fighting
  8603 | D:8      | Noticed Erica
  8625 | D:8      | Gained mutation: Your spells are a little easier to cast,
                  | but a little less powerful. [potion of mutation]
  8625 | D:8      | Gained mutation: You possess an exceptional clarity of
                  | mind. [potion of mutation]
  8625 | D:8      | Lost mutation: You possess an exceptional clarity of mind.
                  | [potion of mutation]
  8625 | D:8      | Slain by a wight

Illustrated notes

Levels and vault maps discovered:
D:1:      saegor_arrival_fortress, layout_basic, serial_bayou_pond_d,
          patterned_corridor
D:2:      layout_basic, hellmonk_ecumenical_altar_arch_garden, serial_glass,
          glass_columns_b, glass_columns_b, glass_columns_a, glass_columns_a,
          hangedman_abyss_or_decor_lesser_grid, minmay_vboxes, uniq_sigmund
D:3:      layout_basic
D:4:      layout_basic, mainiacjoe_overflow_large_starburst
D:5:      gammafunk_cloud_chamber, layout_cave_pods, portal_sewer_entry_a,
          uniq_ijyb
D:6:      layout_loops_ring, minmay_temple_entry_hall, serial_shops,
          kennysheep_mini_moat, ebering_ghost_rock_garden, uniq_jeremiah,
          uniq_duvessa
D:7:      layout_loops_corners, dk_yredelemnul_ordeal,
          gammafunk_ghost_wrathful_warriors
D:8:      layout_layer_cave, uniq_erica
Temple:   nicolae_temple_bog_church

Skill      XL: |  1  2  3  4  5  6  7  8  9 10 |
---------------+-------------------------------+-----
Ranged Weapons | 6 7 9 10 11 12 15 | 15.0
Dodging        | 4 7 |  7.2
Fighting       | 4 6 |  6.9
Stealth        | |  1.3

Action                     |  1- 3 |  4- 6 |  7- 9 | 10-12 || total
---------------------------+-------+-------+-------+-------++-------
   Fire: Shortbow          |    61 |   117 |   439 |    49 ||   666
         Orcbow            |       |       |       |    15 ||    15
  Evoke: Wand              |       |       |     3 |       ||     3
    Use: Potion            |       |       |     2 |     1 ||     3
 Armour: Leather armour    |    20 |    30 |   129 |    16 ||   195
  Dodge: Dodged            |    35 |    41 |   199 |    24 ||   299

Table legend: (Time is in decaauts)
 A = Elapsed time spent in this place.
 B = Non-inter-level travel time spent in this place.
 C = Inter-level travel time spent in this place.
 D = Time resting spent in this place.
 E = Time spent auto-exploring this place.
 F = Levels seen in this place.
 G = Mean time per level.
                   A        B        C        D        E       F      G
               +--------+--------+--------+--------+--------+-----+--------+
         Total |   8548 |   8272 |    276 |    506 |   6626 |   9 |  949.8 |
       Dungeon |   8515 |   8271 |    244 |    506 |   6626 |   8 | 1064.4 |
        Temple |     32 |      1 |     31 |      0 |      0 |   1 |   32.0 |
               +--------+--------+--------+--------+--------+-----+--------+

Top non-repeatable levels by time:
     D:7: 1462 daAuts
     D:4: 1319 daAuts
     D:5: 1304 daAuts
     D:6: 1213 daAuts
     D:2: 1207 daAuts
     D:3: 902 daAuts
     D:1: 682 daAuts
     D:8: 423 daAuts
  Temple: 32 daAuts
